 Dungeon Crawl Stone Soup version 0.22-a0-441-gcf5b0c6 (webtiles) character file.

64 4thArraOfDagon the Ducker (level 4, -2/29 HPs)
             Began as a Kobold Monk on May 30, 2018.
             Slain by a leopard gecko (4 damage)
             ... on level 7 of the Dungeon.
             The game lasted 00:06:15 (1227 turns).

4thArraOfDagon the Ducker (Kobold Monk)             Turns: 1227, Time: 00:06:16

Health: -2/29      AC:  2    Str:  8    XL:     4   Next: 32%
Magic:  4/4        EV: 17    Int: 18    God:
Gold:   10         SH:  0    Dex: 17    Spells: 3/3 levels left

rFire    . . .     SeeInvis .     - Unarmed
rCold    . . .     Gourm    .   (shield restricted)
rNeg     . . .     Faith    .   a - +0 robe
rPois    .         Spirit   .   (no helmet)
rElec    .         Reflect  .   (no cloak)
rCorr    .         Harm     .   (no gloves)
MR       .....                  (no boots)
Stlth    ++........             (no amulet)
HPRegen  0.09/turn              e - +6 ring of intelligence
MPRegen  0.09/turn              f - ring of wizardry

@: no status effects
A: small, carnivore
a: no special abilities


You were on level 7 of the Dungeon.
You were full.

You visited 1 branch of the dungeon, and saw 7 of its levels.

You collected 70 gold pieces.
You spent 60 gold pieces at shops.

Inventory:

Armour
 a - a +0 robe (worn)
Jewellery
 c - a +3 ring of intelligence
 e - a +6 ring of intelligence (left hand)
 f - a ring of wizardry (right hand)
Scrolls
 d - a scroll of fog
 i - a scroll of remove curse
Potions
 k - a potion of magic
Comestibles
 b - 3 rations


   Skills:
 + Level 3.8 Fighting
 - Level 4.2 Dodging
 - Level 2.6 Stealth
 * Level 4.1 Unarmed Combat


You had 3 spell levels left.
You didn't know any spells.
Your spell library was empty.

Dungeon Overview and Level Annotations

Branches:
Dungeon (7/15)
 Temple: D:4-7

Altars:
Dithmenos
Fedhas
Okawaru
Uskayaw

Shops:
D:5 ?


Innate Abilities, Weirdness & Mutations

You are small and have problems with some larger weapons.
You are carnivorous and can eat meat at any time.


Message History

The hound is almost dead.
The leopard gecko misses you. The hound barely misses you.
The crimson imp blinks!
The leopard gecko bites you.
* * * LOW HITPOINT WARNING * * *
You barely miss the hound.
The hound is almost dead.
The hound barely misses you. The leopard gecko closely misses you.
The hound misses you.
You hit the hound.
You kill the hound!
Your Unarmed Combat skill increases to level 4!
You have reached level 4!
The worker ant waves its antennae.
The leopard gecko bites you.
* * * LOW HITPOINT WARNING * * *
Unknown command.
You hit the leopard gecko but do no damage.
The leopard gecko bites you but does no damage.
You barely miss the leopard gecko. The leopard gecko bites you.
You die...

5._... .....# #..
.....# #.# ######
#.# #.# #.# #.#
#.# #@# #l# #O#
###### #n#
.....###########5#
####.....a.n.O..a#
###############


You could see an ogre, a necrophage, a worker ant, a crimson imp and a leopard
gecko.

Vanquished Creatures
  A hound (D:7)
  An adder (D:3)
  An ooze (D:5)
  A dart slug (D:2)
  A leopard gecko (D:4)
  A goblin (D:2)
  2 hobgoblins
  A quokka (D:5)
  2 bats
  5 kobolds
  A quokka zombie (D:5)
  4 rats
21 creatures vanquished.

Notes
Turn   | Place    | Note
-------+----------+-------------------------------------------
     0 | D:1      | 4thArraOfDagon the Kobold Monk began the quest for the Orb.
     0 | D:1      | Reached XP level 1. HP: 14/14 MP: 1/1
   232 | D:2      | Found a blossoming altar of Fedhas.
   255 | D:2      | Reached XP level 2. HP: 15/19 MP: 2/2
   362 | D:3      | Reached XP level 3. HP: 16/23 MP: 3/3
   656 | D:5      | Entered Level 5 of the Dungeon
   734 | D:5      | Found Dyrerylu's Magic Scroll Boutique.
   737 | D:5      | Bought a scroll of identify for 24 gold pieces
   737 | D:5      | Bought a scroll of remove curse for 36 gold pieces
   762 | D:5      | Noticed a sky beast
   870 | D:4      | Noticed a two-headed ogre
   971 | D:5      | Noticed a phantom
  1025 | D:5      | Noticed a sky beast
  1088 | D:6      | Noticed a centaur
  1131 | D:7      | Noticed a centaur
  1151 | D:6      | Noticed an ogre
  1157 | D:7      | Noticed a necrophage
  1157 | D:7      | Noticed a scorpion
  1163 | D:7      | Found a shadowy altar of Dithmenos.
  1163 | D:7      | Found a hide-covered altar of Uskayaw.
  1163 | D:7      | Found an iron altar of Okawaru.
  1163 | D:7      | Noticed an ogre
  1224 | D:7      | Reached XP level 4. HP: 6/29 MP: 4/4
  1227 | D:7      | Slain by a leopard gecko

Vault maps used:
D:1:      dpeg_arrival_chambers_temple_mockup, serial_park_tiny_2
D:2:      fedhas_altar_3
D:3:      first_ration, uniq_natasha
D:4:      kennysheep_dice, uniq_grinder
D:5:      minmay_temple_entry_poolview, serial_shops, kennysheep_mini
D:6:      serial_shops, shop_statue
D:7:      grunt_temple_overflow_open

Skill      XL: |  1  2  3 |
---------------+----------+-----
Dodging        | 4 |  4.2
Unarmed Combat | 4 |  4.1
Fighting       | |  3.8
Stealth        | |  2.6

Action                   |  1- 3 |  4- 6 || total
-------------------------+-------+-------++-------
Melee: Unarmed           |   114 |     2 ||   116
       Punch             |     1 |       ||     1
  Use: Scroll            |     9 |       ||     9
       Potion            |     5 |       ||     5
 Stab: Sleeping          |     5 |       ||     5
  Eat: Chunk             |     7 |       ||     7
Armor: Robe              |    13 |     1 ||    14
Dodge: Dodged            |   129 |       ||   129

Table legend:
 A = Spawn XP
 B = Non-spawn XP
 C = Spawn XP percentage of total XP
 D = Spawn monster count
 E = Non-spawn monster count
 F = Spawn count percentage of total count
 G = Total turns spent on level
                    A         B        C        D         E        F      G
               +---------+---------+-------+---------+---------+-------+---------
         Total |       0 |      92 |   0.0 |       0 |      21 |   0.0 |  1227
               +---------+---------+-------+---------+---------+-------+---------
           D:1 |       0 |       1 |   0.0 |       0 |       1 |   0.0 |   175
           D:2 |       0 |      15 |   0.0 |       0 |       8 |   0.0 |   146
           D:3 |       0 |      19 |   0.0 |       0 |       6 |   0.0 |   177
           D:4 |       0 |       4 |   0.0 |       0 |       2 |   0.0 |   195
           D:5 |       0 |      10 |   0.0 |       0 |       3 |   0.0 |   361
           D:7 |       0 |      43 |   0.0 |       0 |       1 |   0.0 |   124
               +---------+---------+-------+---------+---------+-------+---------
